 Dungeon Sprint DCSS version 0.30-a0-605-gb2882149bf (webtiles) character file.

Game seed: 12158642262701884375

9859 mhtbhm the Brawler (level 11, -1/105 HPs)
             Began as a Troll Transmuter on Jan 7, 2023.
             Was an Initiate of Gozag.
             Slain by Ilsuiw
             ... wielding a +1 trident of freezing
              (2 damage)
             ... in the Dungeon (Sprint VII: "The Pits").
             The game lasted 00:05:15 (1231 turns).

mhtbhm the Brawler (Troll Transmuter)               Turns: 1231, Time: 00:05:16

Health: -1/105     AC:  9    Str: 24    XL:     11   Next: 28%
Magic:  20/21      EV: 15    Int:  9    God:    Gozag
Gold:   3248       SH:  0    Dex: 10    Spells: 7/24 levels left

rFire   + . .      SeeInvis .      - Unarmed
rCold   + . .      Faith    .    (no shield)
rNeg    . . .      Spirit   .    a - +2 robe {rC+ rF+}
rPois   .          Reflect  .    (helmet restricted)
rElec   .          Harm     .    (no cloak)
rCorr   .          Rampage  .    (gloves unavailable)
Will    .....      NoTele   +    (boots unavailable)
Stlth   +                        (no amulet)
HPRegen 1.17/turn                l - +3 ring of evasion
MPRegen 0.17/turn                m - +3 ring of protection

@: gold aura, hasted, very quick
A: large, unfitting armour, claws 3, regeneration 1, shaggy fur 1, tough skin 1
a: Renounce Religion, Potion Petition, Call Merchant, Bribe Branch


You were in the Dungeon.
You worshipped Gozag.
Gozag was most pleased with you.
You visited 1 branch You collected 4131 gold pieces.
You spent 480 gold pieces at shops.
You paid 403 gold pieces to Gozag.

Inventory:

Armour
 a - a +2 robe of resistance (worn)
Jewellery
 l - a +3 ring of evasion (left claw)
 m - a +3 ring of protection (right claw)
Scrolls
 h - a scroll of blinking
 j - 5 scrolls of amnesia
 k - a scroll of butterflies
Potions
 b - a potion of lignification
 c - 5 potions of curing
 d - 2 potions of heal wounds
 e - 2 potions of haste
 f - 4 potions of magic
 g - 3 potions of berserk rage
 i - 2 potions of invisibility
 n - a potion of brilliance
 o - a potion of mutation


   Skills:
 + Level 6.2 Fighting
 + Level 8.1 Dodging
 - Level 0.8 Stealth
 + Level 18.9 Unarmed Combat
 + Level 7.4 Spellcasting
 * Level 9.8 Transmutations
 - Level 1.0 Ice Magic
 - Level 2.6 Poison Magic


You had 7 spell levels left.
You knew the following spells:

 Your Spells              Type           Power      Damage    Failure   Level
a - Beastly Appendage     Tmut           42%        N/A       1%          1
b - Wereblood             Tmut           21%        N/A       1%          2
c - Spider Form           Tmut/Pois      14%        N/A       4%          3
d - Ice Form              Ice/Tmut       13%        N/A       21%         4
e - Dragon Form           Tmut           10%        N/A       96%         7

Your spell library contained the following spells:

 Spells                   Type           Power      Damage    Failure   Level
 Sting                    Tmut/Pois      56%        1d5       1%          1
 Summon Small Mammal      Summ           12%        N/A       19%         1
 Call Canine Familiar     Summ           3%         N/A       50%         3
 Storm Form               Tmut/Air       6%         N/A       100%        7


Dungeon Overview and Level Annotations

Branches:
Dungeon (1/1)

Altars:
Ashenzari
Cheibriados
Dithmenos
Elyvilon
Fedhas
Gozag
Hepliaklqana
Kikubaaqudgha
Makhleb
Nemelex Xobeh
Okawaru
Qazlal
Ru
Sif Muna
Trog
Uskayaw
Vehumet
Wu Jian
Xom
Yredelemnul
Zin
The Shining One
Jiyva
Lugonu

Shops:
D :

Annotations:
D Ilsuiw


Innate Abilities, Weirdness & Mutations

You are too large for most types of armour.
You have claws for hands.
Your natural rate of healing is unusually fast.
You are covered in fur. (AC +1)
You have tough skin. (AC +1)


Message History

Your lungs strain for air!
The merfolk closely misses you.
You barely miss the water elemental.
The water elemental is almost destroyed.
* * * LOW HITPOINT WARNING * * *
Your lungs strain for air!
The water elemental misses you.
You closely miss the water elemental.
The water elemental is almost destroyed.
* * * LOW HITPOINT WARNING * * *
Your lungs strain for air!
You barely miss the water elemental.
The water elemental is almost destroyed.
* * * LOW HITPOINT WARNING * * *
Your lungs strain for air!
The water elemental disappears in a puff of smoke!
The merfolk hits you from afar with a +0 trident!
* * * LOW HITPOINT WARNING * * *
Unknown command.
You slip free of the water engulfing you.
You gasp with relief as air once again reaches your lungs.
Items here: $ ( ) [.
You closely miss the merfolk. Your claw misses the merfolk.
You mangle the merfolk!! You claw the merfolk!
You kill the merfolk!
You miss something. Something hits you.
* * * LOW HITPOINT WARNING * * *
Something freezes you.
* * * LOW HITPOINT WARNING * * *
You barely miss something. You closely miss something. Something hits you!
* * * LOW HITPOINT WARNING * * *
Something freezes you.
* * * LOW HITPOINT WARNING * * *
You mangle something!! Your claw misses something.
You feel better. Something hits you!
* * * LOW HITPOINT WARNING * * *
Something freezes you.
You die...
Your body crumbles into a pile of gold.

# ##### ######
###...###..+...#
.##...##..##...###
..##'##..###)..+.##
..........##...#..##
.###'###...##'##...#
##.....##..#...#...#
'.......'..'...'...+
##.....##..#...#@$.#
$
.###'###...##'##.$$#
$
....).....##...#$$##
..##'##..###...'$##
.##...##..##...###
###...###..+...# $ #
##### #######


There were no monsters in sight!

Vanquished Creatures
  Agnes (D)
  2 merfolk javelineers (D)
  An alligator (D)
  A two-headed ogre (D)
  A death yak (D)
  A flayed ghost (D)
  A bog body (D)
  2 merfolk sirens (D)
  A demonic crawler (D)
  3 kobold demonologists (D)
  A merfolk (D)
  A snapping turtle (D)
  A jumping spider (D)
  A wraith (D)
  A wyvern (D)
  A ynoxinul (D)
  3 basilisks (D)
  2 redbacks (D)
  An acid dragon (D)
  A water moccasin (D)
  A floating eye (D)
  An ogre (D)
  A centaur (D)
  A phantom (D)
  3 kobold brigands (D)
  A gnoll sergeant (D)
  A small abomination (D)
  A scorpion (D)
  A necrophage (D)
  4 wights (D)
  2 orc priests (D)
  An orc wizard (D)
  3 gnolls (D)
  An adder (D)
  A river rat (D)
  An ufetubus (D)
  An adder zombie (D)
  A worm (D)
  2 orcs (D)
  2 bat zombies (D)
  An endoplasm (D)
  A giant cockroach (D)
  4 jackals (D)
  A giant cockroach zombie (D)
  4 kobolds (D)
68 creatures vanquished.

Vanquished Creatures (others)
  A wizard (D)
1 creature vanquished.

Grand Total: 69 creatures vanquished

Notes
Turn   | Place    | Note
-------+----------+-------------------------------------------
     0 | D        | mhtbhm the Troll Transmuter began the quest for the Orb.
     0 | D        | Reached XP level 1. HP: 18/18 MP: 1/1
    18 | D        | Found a bloodstained altar of Trog.
    18 | D        | Found a shimmering blue altar of Sif Muna.
    18 | D        | Found a viscous altar of Jiyva.
    18 | D        | Found a hazy altar of Hepliaklqana.
    18 | D        | Found an opulent altar of Gozag.
    19 | D        | Found a glowing golden altar of the Shining One.
    19 | D        | Found a glowing silver altar of Zin.
    19 | D        | Found a basalt altar of Yredelemnul.
    19 | D        | Found a shimmering altar of Xom.
    19 | D        | Found an ornate altar of the Wu Jian Council.
    19 | D        | Found a sacrificial altar of Ru.
    19 | D        | Found a stormy altar of Qazlal.
    19 | D        | Found an iron altar of Okawaru.
    19 | D        | Found a sparkling altar of Nemelex Xobeh.
    19 | D        | Found a burning altar of Makhleb.
    19 | D        | Found a blossoming altar of Fedhas.
    19 | D        | Found a white marble altar of Elyvilon.
    19 | D        | Found a shadowy altar of Dithmenos.
    19 | D        | Found a snail-covered altar of Cheibriados.
    21 | D        | Found a radiant altar of Vehumet.
    21 | D        | Found a corrupted altar of Lugonu.
    22 | D        | Found a hide-covered altar of Uskayaw.
    22 | D        | Found an ancient bone altar of Kikubaaqudgha.
    22 | D        | Found a broken altar of Ashenzari.
    26 | D        | Became a worshipper of Gozag Ym Sagoz the Greedy
    62 | D        | Noticed a scorpion
    66 | D        | Killed a scorpion
    67 | D        | Reached skill level 6 in Unarmed Combat
    67 | D        | Reached XP level 2. HP: 19/26 MP: 0/4
    67 | D        | Reached XP level 3. HP: 24/32 MP: 0/5
    83 | D        | Reached XP level 4. HP: 37/40 MP: 1/6
    94 | D        | Learned a level 2 spell: Wereblood
    98 | D        | Learned a level 3 spell: Spider Form
   234 | D        | Reached skill level 1 in Fighting
   234 | D        | Reached skill level 7 in Unarmed Combat
   248 | D        | Reached skill level 8 in Unarmed Combat
   248 | D        | Reached XP level 5. HP: 32/48 MP: 5/8
   319 | D        | Learned a level 4 spell: Ice Form
   465 | D        | Noticed a floating eye
   473 | D        | Paralysed by a floating eye for 2 turns
   476 | D        | Killed a floating eye
   477 | D        | Reached skill level 9 in Unarmed Combat
   477 | D        | Reached XP level 6. HP: 30/57 MP: 4/10
   482 | D        | Reached skill level 10 in Unarmed Combat
   541 | D        | Noticed a jumping spider
   544 | D        | Killed a jumping spider
   545 | D        | Reached skill level 11 in Unarmed Combat
   545 | D        | Reached skill level 1 in Poison Magic
   545 | D        | Reached XP level 7. HP: 66/66 MP: 6/12
   557 | D        | Reached skill level 5 in Dodging
   568 | D        | Reached skill level 12 in Unarmed Combat
   634 | D        | Noticed a kobold demonologist
   634 | D        | Noticed a kobold demonologist
   634 | D        | Noticed a two-headed ogre
   637 | D        | Killed a kobold demonologist
   638 | D        | Reached skill level 5 in Transmutations
   638 | D        | Reached XP level 8. HP: 74/74 MP: 6/14
   647 | D        | Killed a kobold demonologist
   648 | D        | Reached skill level 13 in Unarmed Combat
   648 | D        | Reached skill level 5 in Spellcasting
   654 | D        | Killed a two-headed ogre
   655 | D        | Reached skill level 14 in Unarmed Combat
   655 | D        | Reached skill level 1 in Ice Magic
   655 | D        | Reached XP level 9. HP: 83/83 MP: 7/16
   782 | D        | Bought the Directory of Transformed Support for 480 gold
                  | pieces
   790 | D        | Learned a level 7 spell: Dragon Form
   801 | D        | Noticed a demonic crawler
   808 | D        | Killed a demonic crawler
   809 | D        | Reached skill level 15 in Unarmed Combat
   866 | D        | Noticed a kobold demonologist
   874 | D        | Killed a kobold demonologist
   887 | D        | Noticed a bog body
   895 | D        | Killed a bog body
   896 | D        | Reached skill level 16 in Unarmed Combat
   896 | D        | Reached XP level 10. HP: 92/93 MP: 15/18
   969 | D        | Noticed a flayed ghost
   973 | D        | Killed a flayed ghost
   983 | D        | Noticed a wizard
  1004 | D        | Killed a wizard
  1104 | D        | Noticed a death yak
  1107 | D        | Reached skill level 17 in Unarmed Combat
  1118 | D        | Killed a death yak
  1119 | D        | Reached skill level 5 in Fighting
  1171 | D        | Noticed an alligator
  1174 | D        | Killed an alligator
  1185 | D        | Noticed a merfolk siren
  1185 | D        | Noticed Agnes
  1186 | D        | Noticed Ilsuiw
  1186 | D        | Noticed a merfolk siren
  1186 | D        | Noticed a merfolk javelineer
  1186 | D        | Noticed a merfolk javelineer
  1190 | D        | Killed Agnes
  1191 | D        | Reached skill level 18 in Unarmed Combat
  1194 | D        | Reached XP level 11. HP: 62/105 MP: 16/20
  1196 | D        | Killed a merfolk javelineer
  1212 | D        | Killed a merfolk javelineer
  1214 | D        | HP: 1/105 [merfolk siren/+0 spear[Ilsuiw] (7)]
  1231 | D        | HP: 1/105 [something (12)]
  1231 | D        | Slain by Ilsuiw

Illustrated notes

Levels and vault maps discovered:
D:        pitsprint [storerooms_1, entrance_room_1, metal_vault_5, armoury_1,
          mini_pit_1, grid_room_1, main_hall_1, silver_pit, the_coven_3,
          the_vestibule_1, steel_vault_1, golden_pit, hallway_of_sentries,
          crystal_vault_3, iron_vault_4, final_vault]

Skill      XL: |  1  2  3  4  5  6  7  8  9 10 11 |
---------------+----------------------------------+-----
Dodging        | 2 3 4 5 6 7 8 |  8.1
Unarmed Combat | 6 8 9 11 12 14 16 18 | 18.9
Spellcasting   | 2 3 4 5 6 7 |  7.4
Transmutations | 2 3 4 5 6 7 9 |  9.8
Fighting       | 1 2 3 4 5 6 |  6.2
Poison Magic   | 1 2 |  2.6
Ice Magic      | 1 |  1.0
Stealth        | |  0.8

Action                   |  1- 3 |  4- 6 |  7- 9 | 10-12 || total
-------------------------+-------+-------+-------+-------++-------
Melee: Unarmed           |    20 |    57 |    72 |    63 ||   212
       Kick              |     2 |     1 |     2 |       ||     5
       Headbutt          |     1 |     1 |     2 |       ||     4
       Punch             |       |     2 |       |     3 ||     5
 Cast: Beastly Appendage |     1 |     1 |     1 |       ||     3
       Wereblood         |       |     3 |     3 |     3 ||     9
       Spider Form       |       |     2 |       |       ||     2
       Ice Form          |       |       |     3 |     3 ||     6
Invok: Call Merchant     |       |       |     1 |       ||     1
  Use: Potion            |       |     1 |     1 |    10 ||    12
 Stab: Distracted        |       |       |     3 |     1 ||     4
Armor: Robe              |     6 |    15 |       |     3 ||    24
       Skin              |       |     1 |    12 |    20 ||    33
Dodge: Dodged            |    10 |    27 |    33 |    32 ||   102

Table legend: (Time is in decaauts)
 A = Elapsed time spent in this place.
 B = Non-inter-level travel time spent in this place.
 C = Inter-level travel time spent in this place.
 D = Time resting spent in this place.
 E = Time spent auto-exploring this place.
 F = Levels seen in this place.
 G = Mean time per level.
                   A        B        C        D        E       F      G
               +--------+--------+--------+--------+--------+-----+--------+
         Total |   1189 |   1189 |      0 |    458 |      0 |   1 | 1189.0 |
       Dungeon |   1189 |   1189 |      0 |    458 |      0 |   1 | 1189.0 |
               +--------+--------+--------+--------+--------+-----+--------+

Top non-repeatable levels by time:
       D: 1189 daAuts
